 Dungeon Crawl Stone Soup version 0.21.1-1-g345015f (webtiles) character file.

352 Chopsticks the Chopper (level 6, -20/84 HPs)
             Began as a Minotaur Berserker on Mar 12, 2018.
             Was a Priest of Trog.
             Demolished by a two-headed ogre
             ... wielding a +0 giant club
              (25 damage)
             ... on level 6 of the Dungeon.
             The game lasted 00:05:17 (1754 turns).

Chopsticks the Chopper (Minotaur Berserker)         Turns: 1754, Time: 00:05:18

Health: -20/84     AC:  3    Str: 26    XL:     6   Next: 35%
Magic:  5/5        EV: 13    Int:  4    God:    Trog [***...]
Gold:   151        SH:  0    Dex: 12    Spells: 5/5 levels left

rFire    . . .     SeeInvis .   a - +0 hand axe
rCold    . . .     Gourm    .   (no shield)
rNeg     . . .     Faith    .   b - +0 animal skin
rPois    .         Spirit   .   (helmet restricted)
rElec    .         Reflect  .   (no cloak)
rCorr    .         Harm     .   g - +0 pair of gloves
MR       .....                  (no boots)
Stlth    ..........             (no amulet)
HPRegen  0.24/turn              (no ring)
MPRegen  0.09/turn              (no ring)

@: berserking, very quick
A: retaliatory headbutt, horns 2
a: Berserk, Trog's Hand, Burn Spellbooks, Renounce Religion


You were on level 6 of the Dungeon.
You worshipped Trog.
Trog was most pleased with you.
You were hungry.

You visited 1 branch of the dungeon, and saw 4 of its levels.

You collected 151 gold pieces.

Inventory:

Hand Weapons
 a - a +0 hand axe (weapon)
Armour
 b - a +0 animal skin (worn)
 g - a +0 pair of gloves (worn)
Jewellery
 e - an uncursed ring of ice {unknown}
 t - an uncursed amulet of magic regeneration {unknown}
Wands
 r - a wand of random effects (26)
Scrolls
 d - a scroll of magic mapping {unknown}
 i - 3 scrolls of remove curse {unknown}
 j - 2 scrolls of identify {unknown}
 l - a scroll of immolation {unknown}
 n - a scroll of fear {unknown}
 q - a scroll of enchant weapon {unknown}
Potions
 f - a potion of invisibility {unknown}
 h - a potion of heal wounds {unknown}
 k - a potion of flight {unknown}
 m - 2 potions of agility {unknown}
 o - 3 potions of curing {unknown}
 p - a potion of magic {unknown}
Comestibles
 c - 3 rations
 s - 6 chunks of flesh


   Skills:
 + Level 5.5 Fighting
 + Level 6.2 Axes
 + Level 2.7 Armour
 + Level 4.0 Dodging
 + Level 0.8 Stealth


You had 5 spell levels left.
You didn't know any spells.

Dungeon Overview and Level Annotations

Branches:
Dungeon (3/15)

Altars:
Hepliaklqana
Sif Muna
Uskayaw
Vehumet


Innate Abilities, Weirdness & Mutations

You reflexively headbutt those who attack you in melee.
You have a pair of horns on your head.


Message History

t - a dented lapis lazuli amulet The two-headed ogre shouts in stereo!
A red film seems to cover your vision as you go berserk!
You feel yourself moving faster!
You feel mighty!
You are feeling hungry.
You are too injured to fight recklessly!
You are too injured to fight recklessly!
You are too injured to fight recklessly!
You barely miss the two-headed ogre. You headbutt the two-headed ogre.
The two-headed ogre is lightly wounded.
The two-headed ogre hits you with a giant club!
* * * LOW HITPOINT WARNING * * *
The two-headed ogre hits you with a giant club!
* * * LOW HITPOINT WARNING * * *
You slice the two-headed ogre!!
The two-headed ogre is moderately wounded.
You slash the two-headed ogre!
The two-headed ogre is heavily wounded.
The two-headed ogre hits you with a giant club!!
You die...

.......>....
...........
..........###
............
..........#######
O...............#
#...........#
#......O....#
#.......@...#
#...........#
#...........#
#...........#
#...........#
#...........#
#(..........#
#############


You could see a two-headed ogre.

Vanquished Creatures
  Menkaure (D:6)
  Jessica (D:3)
  A bullfrog skeleton (D:6)
  Natasha (thrice) (D:2)
  Robin (D:2)
  2 adders (D:2)
  An adder skeleton (D:6)
  2 worms (D:2)
  3 dart slugs
  A leopard gecko (D:1)
  2 orcs (D:3)
  3 bats
  2 giant cockroaches (D:1)
  15 goblins
  6 hobgoblins
  9 jackals
  4 kobolds (D:1)
  2 frilled lizards
  5 rats
64 creatures vanquished.

Notes
Turn   | Place    | Note
-------+----------+-------------------------------------------
     0 | D:1      | Chopsticks the Minotaur Berserker began the quest for the Orb.
     0 | D:1      | Reached XP level 1. HP: 19/19 MP: 0/0
    45 | D:1      | Reached skill level 4 in Axes
    57 | D:1      | Reached XP level 2. HP: 19/27 MP: 1/1
   274 | D:1      | Reached XP level 3. HP: 22/33 MP: 2/2
   464 | D:1      | Reached ** piety under Trog
   569 | D:2      | Noticed Natasha
   576 | D:2      | Killed Natasha
   790 | D:2      | Reached XP level 4. HP: 37/41 MP: 3/3
   902 | D:2      | Noticed Natasha
   908 | D:2      | Killed Natasha
   908 | D:2      | Reached skill level 5 in Axes
  1150 | D:2      | Noticed Robin
  1167 | D:2      | Killed Robin
  1467 | D:2      | Reached XP level 5. HP: 44/47 MP: 4/4
  1547 | D:2      | Noticed Natasha
  1556 | D:2      | Killed Natasha
  1556 | D:2      | Reached skill level 5 in Fighting
  1569 | D:3      | Found a hazy altar of Hepliaklqana.
  1570 | D:3      | Found a radiant altar of Vehumet.
  1570 | D:3      | Found a deep blue altar of Sif Muna.
  1574 | D:3      | Found a hide-covered altar of Uskayaw.
  1576 | D:3      | Noticed Jessica
  1587 | D:3      | Killed Jessica
  1604 | D:3      | Reached *** piety under Trog
  1660 | D:3      | You fall through a shaft for 3 floors!
  1665 | D:6      | Noticed Menkaure
  1676 | D:6      | Killed Menkaure
  1676 | D:6      | Reached skill level 6 in Axes
  1676 | D:6      | Reached XP level 6. HP: 12/56 MP: 5/5
  1739 | D:6      | Noticed a two-headed ogre
  1754 | D:6      | Demolished by a two-headed ogre

Skill      XL: |  1  2  3  4  5 |
---------------+----------------+-----
Axes           | 4 5 6 |  6.2
Fighting       | 4 5 |  5.5
Dodging        | 3 4 |  4.0
Armour         | |  2.7
Stealth        | |  0.8

Action                   |  1- 3 |  4- 6 || total
-------------------------+-------+-------++-------
Melee: Hand axe          |    54 |    82 ||   136
       Headbutt          |     6 |    15 ||    21
Invok: Berserk           |     1 |     3 ||     4
  Eat: Chunk             |       |     6 ||     6
Armor: Animal skin       |    13 |    18 ||    31
Dodge: Dodged            |    40 |    49 ||    89
